 Dungeon Crawl Stone Soup version 0.22-a0-254-gaf95ca0 (webtiles) character file.

1313 emperorscorpion the Grappler (level 8, 0/75 HPs)
             Began as a Troll Berserker on Mar 4, 2018.
             Was a Believer of Trog.
             Slain by a hippogriff (7 damage)
             ... on level 9 of the Dungeon.
             The game lasted 00:04:40 (1861 turns).

emperorscorpion the Grappler (Troll Berserker)      Turns: 1861, Time: 00:04:41

Health: 0/75       AC:  5    Str: 27    XL:     8   Next: 32%
Magic:  7/7        EV: 11    Int:  3    God:    Trog [**....]
Gold:   25         SH:  0    Dex: 10    Spells: 7/7 levels left

rFire    . . .     SeeInvis .     - Unarmed
rCold    . . .     Gourm    +   (no shield)
rNeg     . . .     Faith    .   b - +0 animal skin
rPois    .         Spirit   .   (helmet restricted)
rElec    .         Reflect  .   (no cloak)
rCorr    .         Harm     .   (gloves unavailable)
MR       .....                  (boots unavailable)
Stlth    +.........             (no amulet)
HPRegen  0.62/turn              (no ring)
MPRegen  0.10/turn              (no ring)

@: lethally poisoned (0 -> 0), berserk cooldown, slowed, very slow
A: large, unfitting armour, claws 3, fast metabolism 3, gourmand, regeneration
1, shaggy fur 1, tough skin 2
a: Berserk, Trog's Hand, Renounce Religion


You were on level 9 of the Dungeon.
You worshipped Trog.
Trog was pleased with you.
You were not hungry.

You visited 1 branch of the dungeon, and saw 9 of its levels.

You collected 25 gold pieces.

Inventory:

Armour
 b - a +0 animal skin (worn)
Wands
 k - a wand of random effects (24)
 l - a wand of flame (30)
Scrolls
 e - a scroll of remove curse {unknown}
 f - a scroll of enchant weapon {unknown}
 g - 2 scrolls of identify
Potions
 a - 2 potions of cancellation
 d - a potion of invisibility
 h - a potion of might {unknown}
 i - a potion of curing {unknown}
 j - a potion of lignification {unknown}
Comestibles
 c - 4 rations


   Skills:
 + Level 3.5 Fighting
   Level 2.6 Maces & Flails
 + Level 3.8 Dodging
 + Level 0.9 Stealth
 * Level 8.7 Unarmed Combat


You had 7 spell levels left.
You didn't know any spells.

Dungeon Overview and Level Annotations

Branches:
Dungeon (9/15)
 Temple: D:4-7         Lair: D:8-11         Orc: D:9-12

Altars:
Dithmenos


Innate Abilities, Weirdness & Mutations

You are too large for most types of armour.
You have claws for hands.
Your metabolism is lightning-fast.
You like to eat raw meat.
Your natural rate of healing is unusually fast.
You are covered in fur. (AC +1)
You have very tough skin. (AC +2)


Message History

Your claw misses the hippogriff.
The hippogriff is almost dead.
The hippogriff bites you but does no damage.
The hippogriff closely misses you.
The hippogriff claws you but does no damage.
You scratch the hippogriff but do no damage.
The hippogriff is almost dead.
You feel sick. The hippogriff bites you.
* * * LOW HITPOINT WARNING * * *
The hippogriff barely misses you. The hippogriff closely misses you.
You scratch the hippogriff.
The hippogriff is almost dead.
The hippogriff bites you.
* * * LOW HITPOINT WARNING * * *
The hippogriff pecks you.
* * * LOW HITPOINT WARNING * * *
The hippogriff claws you!
* * * LOW HITPOINT WARNING * * *
The hippogriff barely misses you. x2; The hippogriff claws you!
You die...

.....# # #.#..#
### #.##S#..# #..
#...)...# #.#
####.##)#.#
#.#####......#.#.#
#.##..)).....#.#..
#H##.#####.....#..
#@##..............
#.............#...
##########....[...
########..#...
..........#รท..
########.##...
#.(.).. ####(#.
#...


You could see a hippogriff.

Vanquished Creatures
  A hippogriff (D:9)
  A water moccasin (D:9)
  2 sky beasts
  A phantom (D:5)
  2 ogres (D:9)
  A centaur (D:9)
  A bullfrog (D:6)
  4 wights (D:9)
  A howler monkey (D:5)
  2 hounds
  A jelly (D:6)
  A worker ant (D:4)
  3 adders
  4 gnolls (D:6)
  A shadow imp (D:3)
  2 dart slugs
  2 leopard geckos
  A ball python (D:1)
  5 bats
  4 giant cockroaches
  7 goblins (D:1)
  4 hobgoblins (D:1)
  4 kobolds
  2 frilled lizards
  4 rats
61 creatures vanquished.

Notes
Turn   | Place    | Note
-------+----------+-------------------------------------------
     0 | D:1      | emperorscorpion the Troll Berserker began the quest for the Orb.
     0 | D:1      | Reached XP level 1. HP: 22/22 MP: 0/0
     4 | D:1      | Noticed an electric eel
     4 | D:1      | Noticed an electric eel
    56 | D:1      | Reached XP level 2. HP: 29/29 MP: 1/1
   284 | D:1      | Reached skill level 1 in Unarmed Combat
   555 | D:1      | Reached XP level 3. HP: 30/36 MP: 2/2
   560 | D:1      | Reached ** piety under Trog
   948 | D:3      | Found a shadowy altar of Dithmenos.
  1014 | D:4      | Reached skill level 2 in Unarmed Combat
  1050 | D:5      | Entered Level 5 of the Dungeon
  1050 | D:5      | Noticed a phantom
  1076 | D:4      | Reached XP level 4. HP: 31/44 MP: 3/3
  1149 | D:5      | Killed a phantom
  1149 | D:5      | Reached skill level 3 in Unarmed Combat
  1149 | D:5      | Reached XP level 5. HP: 30/53 MP: 4/4
  1183 | D:5      | Reached skill level 4 in Unarmed Combat
  1237 | D:5      | Noticed a sky beast
  1242 | D:5      | Killed a sky beast
  1242 | D:5      | Reached XP level 6. HP: 61/61 MP: 5/5
  1274 | D:5      | Reached skill level 5 in Unarmed Combat
  1527 | D:8      | Noticed a sky beast
  1538 | D:8      | Killed a sky beast
  1538 | D:8      | Reached skill level 6 in Unarmed Combat
  1538 | D:8      | Reached XP level 7. HP: 67/67 MP: 6/6
  1685 | D:9      | Noticed a hippogriff
  1699 | D:9      | Killed a hippogriff
  1699 | D:9      | Reached skill level 7 in Unarmed Combat
  1758 | D:9      | Reached XP level 8. HP: 75/75 MP: 7/7
  1784 | D:9      | Reached skill level 8 in Unarmed Combat
  1855 | D:9      | Noticed a hippogriff
  1861 | D:9      | Slain by a hippogriff

Vault maps used:
D:1:      arrival_aquarium_b, st_stairs_2, minmay_misc_feat_rugged,
          solitary_fountain
D:2:      nicolae_tso_swordbearing_angel
D:3:      grunt_dithmenos_smoke_and_mirrors
D:4:      minmay_temple_entry_glassed_door, first_ration, okawaru_gym_becter,
          uniq_robin, uniq_blork_the_orc
D:7:      tgw_trog
D:9:      orc_0_dummy, basic_altar, grunt_livestock, hangedman_decor_growths

Skill      XL: |  1  2  3  4  5  6  7  8 |
---------------+-------------------------+-----
Unarmed Combat | 1 2 3 4 6 7 8 |  8.7
Fighting       | 3 |  3.5
Dodging        | 3 |  3.8
Maces & Flails | |  2.6
Stealth        | |  0.9

Action                   |  1- 3 |  4- 6 |  7- 9 || total
-------------------------+-------+-------+-------++-------
Melee: Unarmed           |   100 |    58 |    42 ||   200
       Punch             |       |       |     1 ||     1
Invok: Berserk           |     1 |     5 |     4 ||    10
  Use: Scroll            |     4 |       |       ||     4
       Potion            |       |     1 |       ||     1
 Stab: Invisible         |       |     2 |       ||     2
  Eat: Chunk             |    14 |     6 |     8 ||    28
Armor: Animal skin       |    25 |    13 |     9 ||    47
Dodge: Dodged            |    40 |    24 |    28 ||    92

Table legend:
 A = Spawn XP
 B = Non-spawn XP
 C = Spawn XP percentage of total XP
 D = Spawn monster count
 E = Non-spawn monster count
 F = Spawn count percentage of total count
 G = Total turns spent on level
                    A         B        C        D         E        F      G
               +---------+---------+-------+---------+---------+-------+---------
         Total |       0 |    1877 |   0.0 |       0 |      61 |   0.0 |  1861
               +---------+---------+-------+---------+---------+-------+---------
           D:1 |       0 |      48 |   0.0 |       0 |      27 |   0.0 |   874
           D:2 |       0 |       5 |   0.0 |       0 |       2 |   0.0 |    17
           D:3 |       0 |      18 |   0.0 |       0 |       5 |   0.0 |   106
           D:4 |       0 |      50 |   0.0 |       0 |       3 |   0.0 |    97
           D:5 |       0 |     345 |   0.0 |       0 |       5 |   0.0 |   245
           D:6 |       0 |     184 |   0.0 |       0 |       6 |   0.0 |   154
           D:7 |       0 |      45 |   0.0 |       0 |       1 |   0.0 |    75
           D:8 |       0 |     127 |   0.0 |       0 |       1 |   0.0 |    85
           D:9 |       0 |    1055 |   0.0 |       0 |      11 |   0.0 |   208
               +---------+---------+-------+---------+---------+-------+---------
